 Dungeon Crawl Stone Soup version 0.31-a0-981-geadf994542 (webtiles) character file.

Game seed: 3394552627239912943

288 IdlyInterested the Trooper (level 6, -2/51 HPs)
             Began as a Demonspawn Fighter on Oct 31, 2023.
             Slain by a worm (7 damage)
             ... on level 4 of the Dungeon.
             The game lasted 00:14:54 (3361 turns).

IdlyInterested the Trooper (Demonspawn Fighter)     Turns: 3361, Time: 00:14:54

Health: -2/51      AC: 12    Str: 18    XL:     6   Next: 9%
Magic:  6/6        EV:  6    Int:  9    God:
Gold:   42         SH:  0    Dex: 15    Spells: 5/5 levels left

rFire   . .          .
                       - Unarmed
rCold   . . .        (no shield)
rNeg    . . .        m - +1 plate armour
rPois   +            (no helmet)
rElec   .            (no cloak)
rCorr   .            (no gloves)
SInv    .            (no boots)
Will    .....        (no amulet) Stlth
                     r - ring of poison resistance
HPRegen 0.28/turn    x - ring of flight
MPRegen 0.10/turn

%: no passive effects
@: flying, invisible
A: thin skeletal structure 1, foul stench 1, demonic touch 1
a: no special abilities


You were on level 4 of the Dungeon.
You visited 1 branch of the dungeon, and saw 4 of its levels.
You also visited: Sewer.

You collected 173 gold pieces.
You spent 131 gold pieces at shops.

Inventory:

Hand Weapons
 e - a +1 dagger of protection
 k - a +0 hand axe
 s - a +0 rapier
 t - a +0 flail
 w - a +0 spear
Missiles
 d - 5 javelins
 f - 2 poisoned darts
 n - 13 stones (quivered)
Armour
 a - a +0 scale mail
 b - a +0 buckler
 m - a +1 plate armour (worn)
Jewellery
 r - a ring of poison resistance (left hand)
 x - a ring of flight (right hand)
Scrolls
 g - a scroll of immolation
 i - a scroll of blinking
 j - 2 scrolls of butterflies {unknown}
 l - a scroll of torment {unknown}
 u - 2 scrolls of identify
 y - a scroll of enchant armour
 z - a scroll of teleportation {unknown}
Potions
 c - a potion of resistance {unknown}
 h - a potion of lignification {unknown}
 o - a potion of ambrosia {unknown}
 p - a potion of invisibility
 q - a potion of degeneration {unknown}
 v - a potion of heal wounds {unknown}


   Skills:
 * Level 5.5 Fighting
 - Level 1.0 Throwing
 - Level 3.0 Armour
 + Level 1.8 Dodging
 - Level 1.0 Stealth
 - Level 2.6 Shields
 - Level 1.7 Unarmed Combat
 - Level 1.0 Evocations
 - Level 1.0 Shapeshifting


You had 5 spell levels left.
You didn't know any spells.
Your spell library contained the following spells:

 Spells                   Type           Power      Damage    Failure   Level
 Sublimation of Blood     Necr           0%         N/A       100%        2
 Petrify                  Tmut/Erth      0%         N/A       100%        4
 Irradiate                Conj/Tmut      0%         3d11      100%        5


Dungeon Overview and Level Annotations

Branches:
Dungeon (4/15)              Sewer (visited)
 Temple: D:4-7

Altars:

Shops:
D:2 *[![

Annotations:
D:4 3 runed translucent doors, Dordric's ghost, amateur HuGl


Innate Abilities, Weirdness & Mutations

You have a somewhat thin skeletal structure. (Dex +2, Stealth+)
You may rarely emit foul miasma when damaged in melee.
Your touch may inflict minor irresistible damage on your foes.


Message History

The bullfrog hits you but does no damage. x2
The water moccasin zombie attacks as it pursues you!
The water moccasin zombie bites you.
* * * LOW HITPOINT WARNING * * *
A worm comes into view.
The water moccasin zombie bites you but does no damage.
The bullfrog attacks as it pursues you! The bullfrog hits you.
* * * LOW HITPOINT WARNING * * *
The bullfrog hits you but does no damage.
You feel better. The bullfrog barely misses you.
You hit the adder but do no damage.
You touch the adder!
The adder is severely wounded.
The bullfrog hits you but does no damage.
The adder bites you but does no damage. The bullfrog hits you.
* * * LOW HITPOINT WARNING * * *
You closely miss the adder.
You touch the adder.
You kill the adder!
The bullfrog closely misses you.
You hit the worm but do no damage. The bullfrog barely misses you.
The worm bites you but does no damage. The water moccasin zombie bites you.
* * * LOW HITPOINT WARNING * * *
It was a potion of invisibility.
You fade into invisibility!
The bullfrog hits you but does no damage. x2
The water moccasin zombie bites you.
* * * LOW HITPOINT WARNING * * *
The worm bites you.
* * * LOW HITPOINT WARNING * * *
You hit the worm.
The worm is lightly wounded.
The bullfrog barely misses you.
The water moccasin zombie barely misses you.
The bullfrog barely misses you. The worm bites you but does no damage.
You hit the worm but do no damage.
The worm is lightly wounded.
The bullfrog hits you.
* * * LOW HITPOINT WARNING * * *
The worm bites you!
You die...

....#...#.....
#.####...#..$?. . #
#.####...#..... ..
###'###.##.#...######
...#8 .#8#..............
................†.......
......##..#.#....#......
#......#FZ†.##..###.....
.......@wf#....## #..###
.......##.#.....# #...##
#...... #...S...####.##.
....... #.........#...##
....... #......#.....###
.......<.......#....>...
.................#......
#................##.....
.........##<........


You could see a sleepcap (unable to see you), a bullfrog (unable to see you), a
worm (unable to see you) and a water moccasin zombie (unable to see you).

Vanquished Creatures
  An orc priest (D:3)
  2 orc wizards (D:3)
  8 adders
  2 ufetubi (D:3)
  A worm (D:2)
  3 dart slugs
  19 orcs
  8 ball pythons
  4 bats
  7 endoplasms
  3 giant cockroaches
  6 goblins
  2 hobgoblins (D:2)
  4 jackals (D:2)
  6 quokkas
  11 frilled lizards
  5 kobolds
  10 rats
102 creatures vanquished.

Notes
Turn   | Place    | Note
-------+----------+-------------------------------------------
     0 | D:1      | IdlyInterested the Demonspawn Fighter began the quest for
                  | the Orb.
     0 | D:1      | Reached XP level 1. HP: 18/18 MP: 1/1
   133 | D:1      | Reached skill level 1 in Dodging
   137 | D:1      | Gained mutation: You may rarely emit foul miasma when
                  | damaged in melee. [demonic ancestry]
   137 | D:1      | Reached XP level 2. HP: 16/24 MP: 2/2
   405 | D:1      | Reached skill level 1 in Stealth
   869 | D:2      | Reached XP level 3. HP: 20/29 MP: 3/3
  1004 | D:2      | Found Hiasonutt's Assorted Antiques.
  1019 | D:2      | Reached skill level 1 in Throwing
  1107 | D:2      | Bought a bubbling yellow potion for 17 gold pieces
  1107 | D:2      | Bought a scroll labelled FAUMIUKAWI for 19 gold pieces
  1163 | D:2      | Reached skill level 1 in Evocations
  1233 | D:2      | Found Katropt's Armour Shoppe.
  1281 | D:2      | Found a faded altar of an unknown god.
  1358 | D:2      | Found Kisch's Distillery.
  1446 | D:2      | Found Posefomp's Antique Armour Shop.
  1556 | D:2      | Reached XP level 4. HP: 37/37 MP: 4/4
  1796 | D:3      | Reached skill level 4 in Fighting
  1801 | D:3      | Reached skill level 1 in Shapeshifting
  1822 | D:3      | Gained mutation: You have a somewhat thin skeletal
                  | structure. (Dex +2, Stealth+) [demonic ancestry]
  1822 | D:3      | Reached XP level 5. HP: 14/43 MP: 5/5
  2136 | D:3      | Reached skill level 5 in Fighting
  2830 | D:2      | Bought a scratched steel ring for 95 gold pieces
  2899 | D:4      | Noticed Dordric's ghost (amateur HuGl)
  2915 | D:4      | Found a runed translucent gate.
  2915 | D:4      | Found a runed translucent gate.
  2930 | D:4      | Found a runed translucent gate.
  2979 | D:4      | Found a glowing drain.
  2983 | Sewer    | Entered a sewer
  3060 | Sewer    | Gained mutation: Your touch may inflict minor irresistible
                  | damage on your foes. [demonic ancestry]
  3060 | Sewer    | Reached XP level 6. HP: 44/51 MP: 6/6
  3361 | D:4      | Slain by a worm

Illustrated notes

Levels and vault maps discovered:
D:1:      minmay_arrival_jagged, layout_basic
D:2:      layout_basic, basic_ecumenical_altar, serial_shops, shop,
          nicolae_lakefront_shop, shop, nicolae_shop_tiny_waterfront
D:3:      layout_basic, serial_park_tiny_1, guppyfry_early_lair_pool
D:4:      layout_cave_pools, lemuel_mausoleum_altar_kikubaaqudgha,
          gammafunk_ghost_split, serial_glass, glass_columns_a, glass_columns_c,
          gup_sewer_entry_bowl

Skill      XL: |  1  2  3  4  5 |
---------------+----------------+-----
Dodging        | 1 |  1.8
Stealth        | 1 |  1.0
Throwing       | 1 |  1.0
Evocations     | 1 |  1.0
Fighting       | 4 5 |  5.5
Shapeshifting  | 1 |  1.0
Armour         | 3 |  3.0
Shields        | |  2.6
Unarmed Combat | |  1.7

Action                     |  1- 3 |  4- 6 || total
---------------------------+-------+-------++-------
  Melee: Unarmed           |   195 |   285 ||   480
         Touch             |       |     2 ||     2
         Punch             |       |     1 ||     1
  Throw: Javelin           |       |     3 ||     3
    Use: Potion            |       |     5 ||     5
         Scroll            |       |     5 ||     5
 Armour: Scale mail        |   113 |       ||   113
         Plate armour      |    11 |   319 ||   330
  Dodge: Dodged            |    73 |    84 ||   157
  Block: Buckler           |    44 |    61 ||   105

Table legend: (Time is in decaauts)
 A = Elapsed time spent in this place.
 B = Non-inter-level travel time spent in this place.
 C = Inter-level travel time spent in this place.
 D = Time resting spent in this place.
 E = Time spent auto-exploring this place.
 F = Levels seen in this place.
 G = Mean time per level.
                   A        B        C        D        E       F      G
               +--------+--------+--------+--------+--------+-----+--------+
         Total |   3366 |   2998 |    368 |    537 |   1265 |   5 |  673.2 |
       Dungeon |   3046 |   2678 |    368 |    513 |   1151 |   4 |  761.5 |
         Sewer |    320 |    320 |      0 |     24 |    114 |   1 |  320.0 |
               +--------+--------+--------+--------+--------+-----+--------+

Top non-repeatable levels by time:
     D:3: 1127 daAuts
     D:1: 911 daAuts
     D:2: 851 daAuts
   Sewer: 320 daAuts
     D:4: 156 daAuts
